 Dungeon Crawl Stone Soup version 0.18-a0-912-g81d1dc4 (webtiles) character file.

217194 JokEr the Brawler (level 19, -10/187 HPs)
             Began as a Ghoul Monk on Dec 25, 2015.
             Was the Champion of Ru.
             Mangled by a tentacled starspawn (16 damage)
             ... on level 3 of the Abyss.
             The game lasted 02:18:01 (42855 turns).

JokEr the Brawler (Ghoul Monk)                     Turns: 42855, Time: 02:18:02

Health: -10/187    AC: 19    Str: 22 (27) XL:     19   Next: 7%
Magic:  19/23      EV:  4    Int:  0 (5)  God:    Ru [******]
Gold:   1709       SH: 24    Dex:  2 (11) Spells: 0 memorised, 18 levels left

rFire  . . .     SeeInvis +       - Unarmed
rCold  + . .     Gourm    .     F - +0 plate armour
rNeg   + + +     Faith    .     e - +8 large shield
rPois  ∞         Spirit   .     j - +2 hat {SInv}
rElec  .         Dismiss  .     (no cloak)
rCorr  .         Reflect  .     (no gloves)
SustAt .         Harm     .     P - +1 pair of boots of the Prince of Darkness {Slay+6}
MR     .....                    (no amulet)
Stlth  ..........               s - +4 ring of dexterity
                                Y - ring "Ecuny" {rPois MR+ Str+4 Stlth+}

@: exhausted, liquid flames, rotting, slowed, lost intelligence, glowing,
drained, very slow, not resistant to hostile enchantments, extremely unstealthy
A: rotting body, claws 1, carnivore 3, clumsy 2, cold resistance 1, negative
energy resistance 3, slow regeneration 2, torment resistance, unbreathing, no
stealth, hated by all, magic vulnerability 2, missing an eye
a: Draw Out Power, Power Leap, Apocalypse, Renounce Religion
}: 1/15 runes: serpentine


You were on level 3 of the Abyss.
You worshipped Ru.
Ru was exalted by your worship.
You were not hungry.

You visited 6 branches of the dungeon, and saw 32 of its levels.
You visited the Abyss 1 time.

You collected 2902 gold pieces.
You spent 1193 gold pieces at shops.

Inventory:

Armour
 e - a +8 large shield (worn)
 j - a +2 hat of see invisible (worn)
 F - a +0 plate armour (worn)
 P - the +1 pair of boots of the Prince of Darkness (worn) {Slay+6}
   (You found it on level 8 of the Lair of Beasts)

   It affects your accuracy and damage with ranged weapons and melee attacks
   (+6).
Jewellery
 c - an uncursed ring of protection from fire
 s - a +4 ring of dexterity (right claw)
 y - an uncursed ring of protection from cold
 K - a +5 ring of protection
 O - an uncursed amulet of resist corrosion
 Y - the ring "Ecuny" (left claw) {rPois MR+ Str+4 Stlth+}
   (You bought it in a shop on level 1 of the Orcish Mines)

   [ring of stealth]

   It affects your strength (+4).
   It protects you from poison.
   It affects your resistance to hostile enchantments.
   It makes you more stealthy.
Wands
 v - a wand of digging (20/24)
 G - a wand of digging (21/24)
Scrolls
 d - 15 scrolls of remove curse
 f - 2 scrolls of blinking
 l - 4 scrolls of teleportation
 m - a scroll of fear
 p - 12 scrolls of identify
 H - 2 scrolls of amnesia
 J - 5 scrolls of magic mapping
Potions
 h - 2 potions of resistance
 i - 3 potions of haste
 k - 2 potions of invisibility
 n - 2 potions of flight
 r - 3 potions of agility
 w - 3 potions of cure mutation
 x - 4 potions of curing
 E - 3 potions of cancellation
 T - 4 potions of berserk rage
 X - a potion of heal wounds
Miscellaneous
 a - a lamp of fire
 N - a fan of gales
 S - a lamp of fire
Comestibles
 b - 14 meat rations
 g - 7 beef jerkies
 z - 2 royal jellies
 B - 4 slices of pizza


   Skills:
 - Level 20.5(18.9) Fighting
 + Level 12.8(11.5) Armour
 - Level 2.6(1.6) Dodging
 - Level 9.6(8.4) Shields
 - Level 20.6(19.0) Unarmed Combat
 - Level 7.5(6.3) Evocations


You had 18 spell levels left.
You didn't know any spells.

Dungeon Overview and Level Annotations

Branches:
Dungeon (15/15)            Temple (1/1) D:5            Lair (8/8) D:8
 Shoals (0/4) Lair:5        Snake (4/4) Lair:6        Slime (0/6) Lair:8
    Orc (2/2) D:12            Elf (0/3) Orc:2        Vaults (2/5) D:14
 Depths (0/5) D:15
  Crypt: Vaults:2-3

Altars:
Ashenzari
Cheibriados
Dithmenos
Elyvilon
Fedhas
Gozag
Kikubaaqudgha
Makhleb
Nemelex Xobeh
Okawaru
Pakellas
Qazlal
Ru
Sif Muna
Trog
Vehumet
Xom
Yredelemnul
Zin
The Shining One
Beogh

Shops:
D:4 ([*[[   D:13 ?   D:14 ?   Orc:1 =   Orc:2 }%!%

Portals:
Hell: Lair:8
Trove: D:10 (give +4 demon blade)


Innate Abilities, Weirdness & Mutations

Your body is rotting away.
You thrive on raw meat.
You are immune to poison.
You have sharp fingernails.
You are carnivorous and can eat meat at any time.
You are very clumsy. (Dex -4)
Your flesh is cold resistant.
You are immune to negative energy.
You do not regenerate naturally when monsters are visible.
You are immune to unholy pain and torment.
You can survive without breathing.
You cannot be stealthy.
You are hated by all.
You are vulnerable to magic.
You are missing an eye, making it more difficult to aim.


Message History

A large abomination comes into view.
Read which item? (? for menu, Esc to quit)
You almost manage to decipher the scroll, but fail in this attempt.
You are engulfed in a cloud of scalding steam.
The starspawn tentacle is engulfed in a cloud of scalding steam.
You block the starspawn tentacle's attack.
The tentacled starspawn is engulfed in a cloud of scalding steam.
The tentacled starspawn is stunned by your will and fails to attack.
The starspawn tentacle constricts the starspawn tentacle.
The smoke demon gestures at you. The sticky flame hits you!
You are covered in liquid flames!
The large abomination moves out of view.
The starspawn tentacle is engulfed in a cloud of scalding steam.
The starspawn tentacle is stunned by your will and fails to attack.
The starspawn tentacle is engulfed in a cloud of scalding steam.
The starspawn tentacle constricts the starspawn tentacle.
The tentacled starspawn is engulfed in a cloud of scalding steam.
The tentacled starspawn bites you!
You die...

####≈ .≈#..
... . ♣≈≈#
#...# ...≈≈
≈ ...# # #
###≈ .#..
... .# .≈#.
#.#. .
≈≈≈#.### ..
.. §#..##
#..#.3.#ww#
###. ##♣X@#
#...≈h#3#
....≈.###.
... )
#....≈≈
5.... :
....≈≈ ..##
## .##.≈
#.. . ..#
##. .#. ...


You could see a tentacled starspawn, a smoke demon, a raiju, 2 starspawn
tentacles and a white imp.

Vanquished Creatures
  A lich (Vaults:2)
  Rupert (D:13)
  A deep elf blademaster (Abyss:3)
  Asterion (Vaults:1)
  An Executioner (Abyss:3)
  Kirke (D:14)
  Agnes (Snake:1)
  6 greater nagas (Snake:4)
  A storm dragon (D:15)
  A deep elf sorcerer (Abyss:3)
  The ghost of dvd the Necromancer, an adept DsNe of Ru (Snake:4)
  A fire giant (D:15)
  Maud (Lair:4)
  5 vault wardens
  2 orc warlords (Orc:2)
  An ironheart preserver (Vaults:2)
  Nessos (Lair:7)
  A dire elephant (Lair:8)
  An ettin (Vaults:2)
  A fire dragon (Vaults:1)
  2 vault guards (D:14)
  2 yaktaur captains
  An ice dragon (Vaults:2)
  11 naga warriors
  Harold (D:10)
  2 rakshasas
  A catoblepas (D:13)
  6 hydras
  5 anacondas
  6 centaur warriors
  3 ogre magi
  2 deep troll earth magi
  A deep troll shaman (Vaults:2)
  5 orc high priests (Orc:2)
  2 thrashing horrors (Abyss:3)
  19 naga sharpshooters
  Urug (D:10)
  4 shock serpents
  A sun demon (Lair:8)
  2 salamander mystics
  3 wretched stars (Abyss:3)
  2 fire crabs
  A death drake (Abyss:3)
  A deep troll (Vaults:2)
  6 unseen horrors
  A flayed ghost (D:15)
  3 naga ritualists
  An ironbrand convoker (Vaults:1)
  A necromancer (Vaults:2)
  A deep elf archer (Vaults:1)
  7 orc knights
  4 hill giants
  3 deep elf magi
  5 oklob plants
  A lindwurm (shapeshifter) (D:15)
  2 mana vipers
  4 wolf spiders
  3 manticores (D:15)
  5 cyclopes
  12 ugly things
  6 orc sorcerers
  9 salamanders
  2 griffons
  A sixfirhy (Lair:8)
  4 wizards
  19 naga magi
  A human skeleton (Vaults:2)
  4 worldbinders (Abyss:3)
  An apocalypse crab (Abyss:3)
  10 elephants
  4 guardian serpents
  An ice statue (Lair:6)
  2 orange demons (Lair:8)
  3 vault sentinels (Vaults:1)
  32 black mambas
  A smoke demon (Lair:8)
  25 yaktaurs
  A yaktaur zombie (Vaults:2)
  A fire drake (shapeshifter) (D:14)
  13 spiny frogs
  4 fire drakes
  6 ice devils (Lair:8)
  A komodo dragon (shapeshifter) (Vaults:2)
  2 freezing wraiths
  10 komodo dragons
  2 ancient zymes (Abyss:3)
  A wind drake (shapeshifter) (Vaults:1)
  A red devil (Lair:8)
  5 trolls
  2 polar bears
  33 blink frogs
  2 boulder beetles
  6 two-headed ogres
  6 slime creatures
  Prince Ribbit (D:7)
  A hornet zombie (D:15)
  A snapping turtle (shapeshifter) (D:15)
  2 wraiths
  Sigmund (D:6)
  A shadow (D:14)
  52 yaks
  2 hogs (D:14)
  20 humans (D:14)
  2 wyverns
  6 basilisks
  A vampire (D:13)
  15 hippogriffs
  A steam dragon (Lair:2)
  A ynoxinul (Abyss:3)
  A hungry ghost (D:7)
  8 wargs
  15 wolves
  2 vampire mosquitoes (Vaults:2)
  A deep troll zombie (Vaults:2)
  A soldier ant (D:13)
  4 large abominations (Abyss:3)
  82 nagas
  A neqoxec (Abyss:3)
  13 water moccasins
  A hell hound (Lair:8)
  42 orc warriors
  4 phantoms
  11 porcupines
  10 ice beasts
  2 black bears
  2 eyes of draining
  A wasp (Lair:5)
  The ghost of Canard the Chopper, an amateur HOGl (D:3)
  5 sky beasts
  17 centaurs
  30 ogres
  A necrophage (D:12)
  A big kobold (shapeshifter) (Vaults:1)
  15 crocodiles
  8 big kobolds
  12 giant frogs
  A gnoll sergeant (D:12)
  A water moccasin zombie (D:7)
  4 scorpions
  25 killer bees
  8 wights
  6 small abominations (Abyss:3)
  A giant frog zombie (D:9)
  4 crimson imps
  2 quasits
  13 orc wizards
  3 centaur skeletons
  3 centaur zombies
  5 jellies
  35 orc priests
  A giant frog skeleton (D:8)
  5 hounds
  17 iguanas
  An iron imp (Abyss:3)
  A killer bee zombie (D:11)
  11 worker ants
  23 sheep
  A hound skeleton (D:6)
  20 gnolls
  72 river rats
  14 adders
  5 shadow imps
  A white imp (Lair:6)
  An ufetubus (Abyss:3)
  2 oozes
  2 adder skeletons
  2 adder zombies
  2 worms
  7 giant geckos
  129 orcs
  5 giant cockroaches
  6 goblins
  9 hobgoblins
  2 jackals (D:1)
  8 quokkas
  A ball python (D:3)
  7 bats
  A giant gecko skeleton (D:6)
  6 giant newts
  10 kobolds
  A quokka skeleton (D:5)
  6 rats
  3 plants (Lair:4)
1285 creatures vanquished.

Vanquished Creatures (others)
  2 centaur warriors (Vaults:1)
  A large abomination (Abyss:3)
  A wizard (D:14)
  2 guardian serpents
  2 black mambas
  A freezing wraith (D:15)
  A boulder beetle (Vaults:2)
  A slime creature (D:11)
  A two-headed ogre (Orc:2)
  A yak (D:12)
  2 humans (D:14)
  4 nagas
  4 ogres
  2 orc warriors (Orc:2)
  A small abomination (Abyss:3)
  A sheep (D:11)
  3 orcs
  A bush (Lair:5)
  27 fungi
  15 plants
  2 starspawn tentacles (Abyss:3)
  2 starspawn tentacle segments (Abyss:3)
77 creatures vanquished.

Grand Total: 1362 creatures vanquished

Notes
Turn   | Place    | Note
--------------------------------------------------------------
     0 | D:1      | JokEr the Ghoul Monk began the quest for the Orb.
     0 | D:1      | Reached XP level 1. HP: 19/19 MP: 0/0
   150 | D:1      | Reached XP level 2. HP: 19/26 MP: 1/1
   632 | D:1      | Reached XP level 3. HP: 29/33 MP: 2/2
   751 | D:1      | Reached skill level 5 in Unarmed Combat
  1217 | D:2      | Reached XP level 4. HP: 39/41 MP: 3/3
  1331 | D:2      | Found a basalt altar of Yredelemnul.
  2101 | D:3      | Reached XP level 5. HP: 47/47 MP: 4/4
  2339 | D:3      | Reached skill level 5 in Fighting
  2339 | D:3      | Reached skill level 6 in Unarmed Combat
  2360 | D:3      | Reached XP level 6. HP: 10/56 MP: 5/5
  2633 | D:3      | Noticed Canard's ghost (amateur HOGl)
  2661 | D:3      | Killed Canard's ghost
  3924 | D:4      | Reached skill level 7 in Unarmed Combat
  3924 | D:4      | Reached XP level 7. HP: 43/64 MP: 6/6
  4050 | D:4      | Found Weguipp's Weapon Shoppe.
  4154 | D:4      | Found Citin's Antique Armour Boutique.
  4188 | D:4      | Found Vyuqeom's Assorted Antiques.
  4197 | D:4      | Bought a scroll labeled GUUN XIYLARI for 28 gold pieces
  4197 | D:4      | Bought a puce potion for 25 gold pieces
  4197 | D:4      | Bought a scroll labeled CEZUTUI UCISS for 28 gold pieces
  4357 | D:4      | Found Hipt's Antique Armour Boutique.
  4653 | D:4      | Found Riusat's Armour Shoppe.
  4743 | D:5      | Entered Level 5 of the Dungeon
  4894 | D:5      | Reached skill level 8 in Unarmed Combat
  4894 | D:5      | Reached XP level 8. HP: 53/74 MP: 7/7
  5031 | D:5      | Found a staircase to the Ecumenical Temple.
  5058 | Temple   | Entered the Ecumenical Temple
  5125 | Temple   | Became a worshipper of Ru the Awakened
  5380 | D:5      | Found a bloodstained altar of Trog.
  5380 | D:5      | Found a deep blue altar of Sif Muna.
  5469 | D:6      | Noticed Sigmund
  5482 | D:6      | Killed Sigmund
  5629 | D:6      | Found a blossoming altar of Fedhas.
  5666 | D:6      | Reached skill level 9 in Unarmed Combat
  6024 | D:7      | Reached XP level 9. HP: 42/83 MP: 8/8
  6393 | D:7      | Reached skill level 10 in Unarmed Combat
  6479 | D:7      | Reached skill level 10 in Fighting
  6949 | D:7      | Found a radiant altar of Vehumet.
  7130 | D:7      | Reached skill level 11 in Unarmed Combat
  7164 | D:7      | Noticed Prince Ribbit
  7194 | D:7      | Killed Prince Ribbit
  7514 | D:8      | Reached XP level 10. HP: 80/92 MP: 9/9
  7759 | D:8      | Found a staircase to the Lair.
  8100 | D:8      | Reached skill level 12 in Unarmed Combat
  9027 | D:9      | Reached skill level 1 in Shields
  9202 | D:9      | Found a glowing golden altar of the Shining One.
  9202 | D:9      | Found a glowing silver altar of Zin.
  9202 | D:9      | Found a white marble altar of Elyvilon.
  9345 | D:10     | Entered Level 10 of the Dungeon
  9366 | D:10     | Noticed Harold
  9394 | D:10     | Killed Harold
  9546 | D:10     | Noticed Urug
  9560 | D:10     | Killed Urug
  9560 | D:10     | Reached skill level 5 in Shields
  9560 | D:10     | Reached XP level 11. HP: 52/103 MP: 10/10
  9776 | D:10     | Found a portal to a secret trove of treasure.
 10304 | Lair:1   | Entered Level 1 of the Lair of Beasts
 10452 | Lair:1   | Found an opulent altar of Gozag.
 12220 | Lair:2   | Reached XP level 12. HP: 104/112 MP: 11/11
 13181 | Lair:2   | Identified a scroll of acquirement
 13204 | Lair:3   | Reached skill level 13 in Unarmed Combat
 14517 | Lair:3   | Noticed an eight-headed hydra
 14518 | Lair:3   | Noticed a seven-headed hydra
 14557 | Lair:2   | Killed a seven-headed hydra
 14751 | Lair:3   | Killed an eight-headed hydra
 15188 | Lair:4   | Noticed Maud
 15217 | Lair:4   | Killed Maud
 15526 | Lair:4   | Reached skill level 14 in Unarmed Combat
 15645 | Lair:4   | Gained mutation: You are clumsy. (Dex -2) [Ru sacrifice]
 15829 | Lair:4   | Reached skill level 1 in Armour
 16513 | Lair:4   | Reached XP level 13. HP: 108/123 MP: 12/12
 16891 | Lair:4   | Reached skill level 5 in Armour
 17356 | Lair:5   | Found a staircase to the Shoals.
 18299 | Lair:6   | Found a staircase to the Snake Pit.
 18320 | Lair:6   | Gained mutation: You are very clumsy. (Dex -4) [Ru sacrifice]
 18320 | Lair:6   | Reached * piety under Ru
 19160 | Lair:6   | Reached XP level 14. HP: 92/132 MP: 13/13
 19507 | Lair:7   | Noticed Nessos
 19525 | Lair:7   | Killed Nessos
 19742 | Lair:7   | Gained mutation: You are missing an eye, making it more difficult to aim. [Ru sacrifice]
 19742 | Lair:7   | Reached ** piety under Ru
 20688 | Lair:8   | Entered Level 8 of the Lair of Beasts
 20703 | Lair:8   | Reached skill level 15 in Unarmed Combat
 20828 | Lair:8   | Got a slimy hat
 20839 | Lair:8   | Identified the +0 hat "Deafoxutt" {*Confuse rPois rN++ MR+} (You acquired it on level 8 of the Lair of Beasts)
 21513 | Lair:8   | Reached skill level 15 in Fighting
 22479 | Lair:8   | Found a burning altar of Makhleb.
 22914 | Lair:8   | HP: 5/135 [sun demon (10)]
 22919 | Lair:8   | HP: 1/135 [sun demon (18)]
 23709 | Lair:8   | Found a staircase to the Slime Pits.
 24291 | Lair:8   | Gained mutation: You are hated by all. [Ru sacrifice]
 24291 | Lair:8   | Reached *** piety under Ru
 24347 | Lair:8   | Reached skill level 16 in Unarmed Combat
 24475 | Lair:8   | Found a gateway to Hell.
 24484 | Lair:8   | Got a pair of transparent boots
 24492 | Lair:8   | Identified the +1 pair of boots of the Prince of Darkness {Slay+6} (You found it on level 8 of the Lair of Beasts)
 25399 | D:11     | Reached XP level 15. HP: 144/144 MP: 14/14
 26325 | D:12     | Found a staircase to the Orcish Mines.
 26400 | Orc:1    | Entered Level 1 of the Orcish Mines
 26400 | Orc:1    | Found Anti's Jewellery Emporium.
 26405 | Orc:1    | Bought the ring "Ecuny" {rPois MR+ Str+4 Stlth+} for 469 gold pieces
 26498 | Orc:2    | Entered Level 2 of the Orcish Mines
 26763 | Orc:2    | Found a roughly hewn altar of Beogh.
 26984 | Orc:2    | Found Jannyeshri's Distillery.
 26998 | Orc:2    | Bought 2 potions of curing for 60 gold pieces
 26998 | Orc:2    | Bought 2 potions of heal wounds for 100 gold pieces
 26998 | Orc:2    | Bought a potion of heal wounds for 50 gold pieces
 26998 | Orc:2    | Bought a potion of heal wounds for 50 gold pieces
 27013 | Orc:2    | Found Zeax's Food Shop.
 27701 | Orc:2    | Reached skill level 17 in Unarmed Combat
 27914 | Orc:2    | Found a staircase to the Elven Halls.
 28408 | Orc:2    | Found a roughly hewn altar of Beogh.
 28429 | Orc:2    | Found Miclef's Gadget Shoppe.
 28791 | Orc:2    | Found Xosiexoneo's Food Emporium.
 29465 | D:13     | Found Vontoo's Magic Scroll Emporium.
 29474 | D:13     | Noticed Rupert
 29492 | D:13     | Killed Rupert
 29668 | D:13     | Bought a scroll of identify for 32 gold pieces
 29668 | D:13     | Bought a scroll of teleportation for 48 gold pieces
 29668 | D:13     | Bought a scroll of teleportation for 48 gold pieces
 29668 | D:13     | Bought a scroll of identify for 32 gold pieces
 29668 | D:13     | Bought a scroll of magic mapping for 56 gold pieces
 29668 | D:13     | Bought a scroll of identify for 32 gold pieces
 30947 | D:14     | Reached XP level 16. HP: 155/155 MP: 15/15
 30950 | D:14     | Noticed Kirke
 30963 | D:14     | Killed Kirke
 31030 | D:14     | Found Ussar's Magic Scroll Boutique.
 31033 | D:14     | Bought a scroll of fear for 35 gold pieces
 31033 | D:14     | Bought 3 scrolls of identify for 60 gold pieces
 31033 | D:14     | Bought 2 scrolls of identify for 40 gold pieces
 31215 | D:14     | Gained mutation: You are slightly vulnerable to magic. [Ru sacrifice]
 31215 | D:14     | Reached **** piety under Ru
 31315 | D:14     | Reached skill level 18 in Unarmed Combat
 31759 | D:14     | Found a gate to the Vaults.
 32029 | D:15     | Entered Level 15 of the Dungeon
 32043 | D:15     | Found a runed door.
 32058 | D:15     | Reached skill level 1 in Evocations
 32218 | D:15     | Found a staircase to the Depths.
 32646 | D:15     | Reached skill level 5 in Evocations
 33332 | Snake:1  | Entered Level 1 of the Snake Pit
 33332 | Snake:1  | Noticed Agnes
 33339 | Snake:1  | Killed Agnes
 33726 | Snake:1  | Gained mutation: You are vulnerable to magic. [Ru sacrifice]
 33726 | Snake:1  | Reached ***** piety under Ru
 34904 | Snake:2  | Reached XP level 17. HP: 118/165 MP: 21/21
 36088 | Snake:3  | Reached skill level 19 in Unarmed Combat
 36682 | Snake:4  | Entered Level 4 of the Snake Pit
 36691 | Snake:4  | Gained mutation: You cannot be stealthy. [Ru sacrifice]
 36885 | Snake:4  | Noticed dvd's ghost (adept DsNe)
 36896 | Snake:4  | Killed dvd's ghost
 38547 | Snake:4  | Reached skill level 20 in Unarmed Combat
 38705 | Snake:4  | Reached XP level 18. HP: 149/176 MP: 22/22
 38974 | Snake:4  | Got a serpentine rune of Zot
 39320 | Vaults:1 | Entered Level 1 of the Vaults
 39430 | Vaults:1 | Gained mutation: You do not regenerate naturally when monsters are visible. [Ru sacrifice]
 39430 | Vaults:1 | Reached ****** piety under Ru
 40584 | Vaults:1 | Reached skill level 10 in Armour
 40800 | Vaults:1 | Noticed Asterion
 40829 | Vaults:1 | Killed Asterion
 42409 | Vaults:2 | Cast into level 3 of the Abyss (a deep elf demonologist)
 42745 | Abyss:3  | Reached XP level 19. HP: 182/187 MP: 23/23
 42771 | Abyss:3  | Lost intelligence.
 42854 | Abyss:3  | HP: 6/187 [tentacled starspawn (24)]
 42855 | Abyss:3  | Mangled by a tentacled starspawn

Vault maps used:
D:1:      onia_arrival_mini_spirals, serial_bayou_pond_a
D:2:      lemuel_crystal_altar, first_bread, hangedman_abyss_or_decor_stabs,
          minmay_misc_feat_room
D:4:      serial_shops, shop, kennysheep_mini, shop, shop, kennysheep_mini_moat,
          kennysheep_generic_room_8
D:5:      gammafunk_temple_overflow_statue, minmay_temple_entry_glassed_door
D:6:      marbit_many_paths, uniq_sigmund
D:7:      vehumet_crystals, uniq_prince_ribbit1
D:8:      erik_lair_orcish_takeover
D:9:      good_gods_mini_temple
D:10:     nicolae_trove_entry_crossroad, uniq_urug, uniq_harold
D:12:     kennysheep_orc_monster_closet_entryway
D:13:     serial_shops, shop, uniq_rupert
D:14:     grunt_vaults_entry_tiered, minmay_misc_feat_secret_circle,
          serial_shops, nicolae_shop_behind_doors, uniq_kirke
D:15:     grunt_enter_depths_giant_problem, st_stairs_9,
          kennysheep_treasure_room
Temple:   triangle_lava_temple_12
Lair:1:   beast_lair_carwin_large_4, basic_altar, guppyfry_lair_drakes,
          infiniplex_staircase_pool_2
Lair:2:   bobbens_dragon_lair_wall
Lair:4:   st_stairs_9, disabler_island, lemuel_fruit_tree, uniq_maud
Lair:5:   minmay_lair_venomous_thicket, minmay_shoals_entry_centaurs,
          uniq_nessos
Lair:6:   minmay_snake_entry_guardpost_small, ice2_lemuel, grunt_megastairs_3
Lair:7:   hibernation_bobbens, serial_bayou_shore_b
Lair:8:   evil_forest, minmay_slime_entry_oklob_enclosed, lab_entry_generic
Snake:1:  uniq_agnes
Snake:4:  minmay_snake_end_coiled, st_stairs_8
Orc:1:    serial_shops, shop_statue
Orc:2:    pubby_orc_utopia, serial_shops
Vaults:1: vaults_room_large_hall, nicolae_vaults_stairing_the_circle,
          v_alt_pattern_3, v_pattern_4, v_misc_18, hangedman_vaults_maws,
          nicolae_vaults_sealed_display, vaults_room_door_ring, uniq_asterion
Vaults:2: v_misc_13, minmay_crypt_entry_vampire_xt,
          nicolae_vaults_circle_grid_a, v_alt_pattern_2,
          hangedman_vaults_stream, ontoclasm_vaults_chip, st_lines,
          nicolae_vaults_border_crossing, v_misc_13, vaults_mumra_chevron_long,
          v_misc_15, v_misc_9, ontoclasm_vaults_spin,
          hangedman_vaults_corner_blocks, nicolae_vaults_little_squares_1
Abyss:3:  minivault_20, hangedman_abyss_or_decor_lesser_grid

Action                   |  1- 3 |  4- 6 |  7- 9 | 10-12 | 13-15 | 16-18 | 19-21 || total
-------------------------+-------+-------+-------+-------+-------+-------+-------++-------
Melee: Unarmed           |   122 |   182 |   339 |   903 |  2193 |  1618 |    62 ||  5419
Invok: Reject Sacrifices |       |       |     1 |     1 |     1 |       |       ||     3
       Sacrifice Purity  |       |       |       |     1 |     1 |     1 |       ||     3
       Sacrifice Love    |       |       |       |       |     1 |       |       ||     1
       Sacrifice an Eye  |       |       |       |       |     1 |       |       ||     1
       Draw Out Power    |       |       |       |       |     1 |     1 |       ||     2
       Sacrifice Essence |       |       |       |       |       |     2 |       ||     2
       Apocalypse        |       |       |       |       |       |     2 |     1 ||     3
       Sacrifice Stealth |       |       |       |       |       |     1 |       ||     1
Evoke: Box of beasts     |       |       |       |       |     1 |       |       ||     1
  Use: Scroll            |       |     5 |    14 |     7 |    17 |    13 |       ||    56
       Potion            |       |     4 |     1 |     7 |     9 |    16 |     2 ||    39
 Stab: Distracted        |     1 |       |       |       |     6 |    11 |     1 ||    19
       Sleeping          |       |     9 |       |       |       |       |       ||     9
       Invisible         |       |       |       |       |     2 |    15 |       ||    17
       Petrified         |       |       |       |       |     1 |       |       ||     1
       Paralysed         |       |       |       |       |       |    11 |     2 ||    13
  Eat: Chunk             |    11 |    18 |    34 |   133 |   192 |   149 |       ||   537
       Meat ration       |       |       |       |       |     1 |       |       ||     1
